 Dungeon Crawl Stone Soup version 0.24.0-123-gd5b16e6ec5 (webtiles) character file.

Game seed: 17436767641587699656, levelgen mode: deterministic

63 brucemayne the Chopper (level 4, -1/39 HPs)
             Began as a Hill Orc Monk on Jan 23, 2020.
             Was a Believer of Trog.
             Slain by a scorpion (5 damage)
             ... on level 3 of the Dungeon.
             The game lasted 00:02:34 (677 turns).

brucemayne the Chopper (Hill Orc Monk)               Turns: 677, Time: 00:02:35

Health: -1/39      AC:  2    Str: 14    XL:     4   Next: 9%
Magic:  4/4        EV: 10    Int: 10    God:    Trog [**....]
Gold:   55         SH:  7    Dex: 13    Spells: 3/3 levels left

rFire    + . .     SeeInvis .   a - +0 hand axe
rCold    . . .     Gourm    .   e - +0 shield
rNeg     . . .     Faith    .   b - +0 robe
rPois    +         Spirit   .   (no helmet)
rElec    .         Reflect  .   (no cloak)
rCorr    .         Harm     .   (no gloves)
MR       .....                  (no boots)
Stlth    ++........             (no amulet)
HPRegen  0.13/turn              (no ring)
MPRegen  0.09/turn              (no ring)

@: lethally poisoned (-1 -> -11)
A: fire resistance 1, poison resistance
a: Berserk, Trog's Hand, Renounce Religion


You were on level 3 of the Dungeon.
You worshipped Trog.
Trog was pleased with you.
You were hungry.

You visited 1 branch of the dungeon, and saw 4 of its levels.

You collected 55 gold pieces.

Inventory:

Hand Weapons
 a - a +0 hand axe (weapon)
Armour
 b - a +0 robe (worn)
 e - a +0 shield (worn)
 l - a +0 robe
Scrolls
 f - 2 scrolls of random uselessness
Comestibles
 c - 3 rations
 j - 2 chunks of flesh


   Skills:
 - Level 3.6 Fighting
 + Level 6.4 Axes
 - Level 2.4 Dodging
 - Level 1.5 Stealth


You had 3 spell levels left.
You didn't know any spells.
Your spell library was empty.

Dungeon Overview and Level Annotations

Branches:
Dungeon (4/15)
 Temple: D:4-7

Altars:
Ashenzari
Cheibriados
Kikubaaqudgha
Nemelex Xobeh
Okawaru
Trog


Innate Abilities, Weirdness & Mutations

Your flesh is heat resistant. (rF+)
Your system is resistant to poisons. (rPois)


Message History

Unknown command.
Okay, then.
Okay, then.
You aren't carrying any potions.
You hit the scorpion but do no damage. The scorpion stings you!
* * * LOW HITPOINT WARNING * * *
Unknown command.
You hit the scorpion but do no damage.
The rat twitches its whiskers.
You block the scorpion's attack.
Unknown command.
You closely miss the scorpion. The scorpion stings you.
* * * LOW HITPOINT WARNING * * *
You are lethally poisoned!
The scorpion poisons you!
You hit the scorpion.
The scorpion is moderately wounded.
* * * LOW HITPOINT WARNING * * *
You feel sick. The scorpion stings you.
You die...

########################
.....w.@sor...#...>.....
#############.#.########
#.#.....#...
#.#####.##.# #o# #.##.#
#r# #.##.# #.# #.##.#
#.# #....#
######.##########


You could see a worm, a scorpion, an orc and a rat.

Vanquished Creatures
  A worker ant (D:4)
  2 adders
  An adder skeleton (D:4)
  A leopard gecko (D:1)
  A ball python (D:4)
  A giant cockroach (D:1)
  2 goblins (D:1)
  A hobgoblin (D:1)
  3 kobolds
  3 frilled lizards (D:1)
  2 rats
18 creatures vanquished.

Notes
Turn   | Place    | Note
-------+----------+-------------------------------------------
     0 | D:1      | brucemayne the Hill Orc Monk began the quest for the Orb.
     0 | D:1      | Reached XP level 1. HP: 19/19 MP: 1/1
   246 | D:1      | Reached XP level 2. HP: 6/26 MP: 2/2
   294 | D:1      | Reached skill level 5 in Axes
   362 | D:3      | Found a snail-covered altar of Cheibriados.
   364 | D:3      | Found a bloodstained altar of Trog.
   368 | D:3      | Found an iron altar of Okawaru.
   368 | D:3      | Found a shattered altar of Ashenzari.
   368 | D:3      | Found an ancient bone altar of Kikubaaqudgha.
   373 | D:3      | Found a sparkling altar of Nemelex Xobeh.
   382 | D:3      | Became a worshipper of Trog the Wrathful
   382 | D:3      | Reached * piety under Trog
   382 | D:3      | Reached ** piety under Trog
   499 | D:4      | Reached XP level 3. HP: 28/31 MP: 3/3
   503 | D:4      | Reached skill level 6 in Axes
   503 | D:4      | Reached XP level 4. HP: 26/39 MP: 4/4
   673 | D:3      | Gained mutation: Your system is resistant to poisons.
                  | (rPois) [potion of mutation]
   673 | D:3      | Gained mutation: Your flesh is heat resistant. (rF+)
                  | [potion of mutation]
   677 | D:3      | Slain by a scorpion

Levels and vault maps discovered:
D:1:      minmay_arrival_doors, layout_basic, minmay_hexomino_f4
D:2:      minmay_chambers_of_ones, layout_basic
D:3:      minmay_chambers_of_twos, layout_basic, minitemple,
          portal_sewer_entry_f, ebering_ghost_inner_flame,
          uniq_crazy_yiuf_cottage
D:4:      layout_rooms, gammafunk_ghost_stat_death, first_ration,
          minmay_fountain_box

Skill      XL: |  1  2  3 |
---------------+----------+-----
Axes           | 5 6 |  6.4
Fighting       | |  3.6
Dodging        | |  2.4
Stealth        | |  1.5

Action                   |  1- 3 |  4- 6 || total
-------------------------+-------+-------++-------
Melee: Hand axe          |    41 |    12 ||    53
Invok: Berserk           |     1 |       ||     1
       Trog's Hand       |       |     1 ||     1
  Use: Scroll            |       |     3 ||     3
       Potion            |       |     2 ||     2
 Stab: Sleeping          |     4 |       ||     4
Armor: Robe              |     4 |     3 ||     7
Dodge: Dodged            |    19 |     2 ||    21
Block: Shield            |     9 |     5 ||    14
